 Dungeon Crawl Stone Soup version 0.16.1-11-g651b585 (webtiles) character file.

27 HAL9000jb the Grave Robber (level 2, 0/19 HPs)
             Began as a Demonspawn Necromancer on Apr 3, 2015.
             Slain by an adder (1 damage)
             ... on level 2 of the Dungeon.
             The game lasted 00:15:33 (963 turns).

HAL9000jb the Grave Robber (Demonspawn Necromancer)  Turns: 963, Time: 00:15:34

Health: 0/19       AC:  2    Str: 13    XL:     2   Next: 93%
Magic:  1/4        EV: 17    Int: 21    God:
Gold:   21         SH:  0    Dex: 18    Spells: 2 memorised, 3 levels left

rFire  . . .     SeeInvis .     (no weapon)
rCold  . . .     Clarity  .     a - +0 robe
rNeg   . . .     SustAb   .     (no shield)
rPois  .         Gourm    .     (no helmet)
rElec  .         Spirit   .     (no cloak)
rCorr  .         Warding  .     (no gloves)
rMut   .         Stasis   .     (no boots)
MR     .....                    (no amulet)
Stlth  +++.......               (no ring)
                                (no ring)

@: mighty, brilliant, agile, lethally poisoned (0 -> -3), very slightly
contaminated, hasted, very quick, not resistant to hostile enchantments, fairly
stealthy
A: talons 1
a: no special abilities


You were on level 2 of the Dungeon.
You were not hungry.

You visited 1 branch of the dungeon, and saw 2 of its levels.

You collected 21 gold pieces.

Inventory:

Hand weapons
 i - a +0 hand axe
 q - a +0 spear
Missiles
 k - 20 bolts
 l - 11 poisoned needles
 r - 5 needles of confusion
 w - 19 arrows
Armour
 a - a +0 robe (worn)
 t - a +0 leather armour
 v - a +0 robe
Scrolls
 e - a scroll of enchant armour
Potions
 h - a potion of brilliance
 m - a potion of haste
Books
 b - a book of Necromancy

   Spells                             Type                      Level
   a - Pain                           Necromancy                   1
   b - Animate Skeleton               Necromancy                   1
   c - Vampiric Draining              Necromancy                   3
   d - Regeneration                   Charms/Necromancy            3
   e - Animate Dead                   Necromancy                   4
   f - Control Undead                 Necromancy                   4
Comestibles
 c - a bread ration
 d - 2 slices of pizza
 f - 6 chunks of flesh
 g - a meat ration


   Skills:
 + Level 1.8 Dodging
 + Level 1.9 Stealth
 + Level 2.1 Spellcasting
 + Level 5.2 Necromancy


You had 3 spell levels left.
You knew the following spells:

 Your Spells              Type           Power        Failure   Level  Hunger
a - Pain                  Necr           ####         1%          1    #......
b - Animate Skeleton      Necr           N/A          1%          1    #......


Dungeon Overview and Level Annotations

Branches:
Dungeon (2/15)

Altars:


Innate Abilities, Weirdness & Mutations

You have sharp toenails.


Message History

You miss the adder.
The adder is severely wounded.
The adder misses you.
You closely miss the adder.
The adder is severely wounded.
* * * LOW HITPOINT WARNING * * *
You feel sick. The adder closely misses you.
Casting: Pain
Confirm with . or Enter, or press ? or * to list all spells.
Okay, then.
Unknown command.
Read which item? (? for menu, Esc to quit)
As you read the scroll labeled STOXEA POUNT, it crumbles to dust.
You feel blessed for a moment.
It was a scroll of remove curse.
The adder barely misses you.
Read which item? (? for menu, Esc to quit)
As you read the scroll labeled CUERPH OGETTAYR, it crumbles to dust.
You hear the tinkle of a tiny bell.
It was a scroll of random uselessness.
The adder bites you.
You die...

.. .. . . .###.
... ... #b# #b#
#@# #S# ##b##
####...########
+...%..........
####..[########
#.#.## #.###.#
## #..#


You could see an adder.

Vanquished Creatures
  A giant gecko (D:1)
  7 bats (D:1)
  A giant cockroach (D:1)
  5 hobgoblins (D:1)
  4 kobolds
  5 rats (D:1)
23 creatures vanquished.

Vanquished Creatures (collateral kills)
  A goblin (D:1)
  A hobgoblin (D:1)
  A rat (D:1)
3 creatures vanquished.

Vanquished Creatures (others)
  A bat skeleton (D:1)
  A giant gecko skeleton (D:1)
  A hobgoblin skeleton (D:1)
  A kobold skeleton (D:2)
  A rat skeleton (D:1)
5 creatures vanquished.

Grand Total: 31 creatures vanquished

Notes
Turn   | Place    | Note
--------------------------------------------------------------
     0 | D:1      | HAL9000jb, the Demonspawn Necromancer, began the quest for the Orb.
     0 | D:1      | Reached XP level 1. HP: 13/13 MP: 3/3
     2 | D:1      | Learned a level 1 spell: Animate Skeleton
   368 | D:1      | Gained mutation: You have sharp toenails. [demonic ancestry]
   368 | D:1      | Reached XP level 2. HP: 17/19 MP: 2/4
   603 | D:1      | Reached skill level 5 in Necromancy
   963 | D:2      | Slain by an adder

Action                   || total
-------------------------++-------
Melee: Hand axe          ||     3
       Unarmed           ||    15
 Cast: Pain              ||    32
       Animate Skeleton  ||     9
  Use: Scroll            ||     7
       Potion            ||     4
 Stab: Sleeping          ||     1
  Eat: Chunk             ||     1
